 Dungeon Crawl Stone Soup version 0.24-a0-520-g8fd06ad (webtiles) character file.

Game seed: 10600395080295693443

663115 Spazmo the Sorcerer (level 27, -4/165 HPs)
             Began as a Deep Elf Fire Elementalist on July 24, 2019.
             Was the Champion of Vehumet.
             Killed from afar by an orb of fire (23 damage)
             ... with a fireball
             ... on level 5 of the Realm of Zot on July 25, 2019.
             The game lasted 05:43:56 (67920 turns).

Spazmo the Sorcerer (Deep Elf Fire Elementalist)   Turns: 67920, Time: 05:43:56

Health: -4/165     AC: 17    Str:  1    XL:     27
Magic:  25/61      EV: 32    Int: 44    God:    Vehumet [******]
Gold:   7003       SH:  9    Dex: 24    Spells: 5/72 levels left

rFire    + + .     SeeInvis +   Q - staff of conjuration
rCold    + . .     Gourm    .   v - +3 buckler {rC+ rF+}
rNeg     . . .     Faith    .   Y - +2 robe {MR+}
rPois    .         Spirit   .   y - +2 helmet {SInv}
rElec    +         Reflect  .   m - scarf {cloud immunity}
rCorr    +         Harm     .   K - +1 pair of gloves {Dex+3}
MR       +++++                  s - +5 pair of boots "Xaeben" {MR+ rCorr Dex+2}
Stlth    +++++++...             H - amulet of magic regeneration
HPRegen  0.37/turn              F - ring "Tuoxt" {rF+ MR+ Dex+4}
MPRegen  0.62/turn              T - ring "Veitaame" {*Drain MP+9 Int+8}

@: about to teleport, fire vulnerable, no potions, studying Ice Magic
A: molten scales 1, thin skeletal structure 1, clever 1, clumsy 1, fire
resistance 1, screaming 1, electricity resistance, weak 2
}: 4/15 runes: barnacled, slimy, silver, gossamer
a: Renounce Religion


You were on level 5 of the Realm of Zot.
You worshipped Vehumet.
Vehumet was exalted by your worship.
You were not hungry.

You visited 11 branches of the dungeon, and saw 55 of its levels.
You also visited: Sewer, Gauntlet and Wizlab.

You collected 8701 gold pieces.
You spent 1698 gold pieces at shops.

Inventory:

Hand Weapons
 L - the +3 flail of Mewuc {vamp, rElec rN+ Int+5}
   (You found it on level 2 of the Depths)

   It inflicts no extra harm, but heals its wielder when it wounds a living foe.
   It affects your intelligence (+5).
   It insulates you from electricity.
   It protects you from negative energy.
Missiles
 d - 1774 stones (quivered)
Armour
 j - a +0 robe of the Archmagi
 m - a scarf of cloud immunity (worn)
 s - the +5 pair of boots "Xaeben" (worn) {MR+ rCorr Dex+2}
   (You acquired it on level 1 of the Vaults)

   It affects your dexterity (+2).
   It affects your resistance to hostile enchantments.
   It provides partial protection from all sources of acid and corrosion.
 v - a +3 buckler of resistance (worn)
 y - a +2 helmet of see invisible (worn)
 K - a +1 pair of gloves of dexterity (worn)
 U - a +0 pair of boots of flying
 Y - a +2 robe of magic resistance (worn)
Magical Staves
 Q - an uncursed staff of conjuration (weapon)
Jewellery
 e - an uncursed ring of protection from cold
 t - the ring "Exyatsui" {Int+2 SInv}
   (You took it off a yaktaur captain on level 5 of the Vaults)

   [ring of see invisible]

   It affects your intelligence (+2).
   It lets you see invisible.
 F - the ring "Tuoxt" (left hand) {rF+ MR+ Dex+4}
   (You took it off an orc knight on level 2 of the Depths)

   [ring of protection from fire]

   It affects your dexterity (+4).
   It protects you from fire.
   It affects your resistance to hostile enchantments.
 H - an amulet of magic regeneration (around neck)
 I - the amulet of Vitality {Regen+ HP+15}
   (You found it on level 4 of the Realm of Zot)

   [amulet of regeneration]

   It affects your health (+15).
   It increases your rate of regeneration.
 S - the ring of Qovitupa {rF++ AC+4 Str-2 Int+2}
   (You found it on level 3 of the Depths)

   [ring of protection]

   It affects your AC (+4).
   It affects your strength (-2).
   It affects your intelligence (+2).
   It greatly protects you from fire.
 T - the ring "Veitaame" (right hand) {*Drain MP+9 Int+8}
   (You found it in a wizard's laboratory)

   [ring of magical power]

   It affects your intelligence (+8).
   It affects your magic capacity (+9).
   It causes draining when unequipped.
 W - an uncursed ring of positive energy
 Z - an uncursed ring of poison resistance
Wands
 g - a wand of acid (28)
 B - a wand of iceblast (86)
 P - a wand of disintegration (46)
 R - a wand of digging (31)
Scrolls
 b - 3 scrolls of magic mapping
 k - 30 scrolls of identify
 o - 9 scrolls of fear
 p - 27 scrolls of remove curse
 r - 2 scrolls of enchant armour
 u - a scroll of amnesia
 z - 8 scrolls of blinking
 G - 9 scrolls of enchant weapon
 M - 22 scrolls of teleportation
 O - 3 scrolls of fog
Potions
 f - 12 potions of heal wounds
 h - 5 potions of magic
 i - 40 potions of curing
 l - 6 potions of agility
 n - 7 potions of brilliance
 q - 6 potions of haste
 w - a potion of invisibility
 A - 12 potions of ambrosia
 C - 3 potions of cancellation
 D - 4 potions of flight
 E - 19 potions of mutation
 J - 2 potions of resistance
Books
 x - a manual of Ice Magic
Miscellaneous
 N - a crystal ball of energy
Comestibles
 c - 65 rations


   Skills:
 - Level 15.0 Fighting
 - Level 20.0 Dodging
 - Level 14.0 Stealth
 - Level 4.0 Shields
 - Level 23.0 Spellcasting
 - Level 21.0 Conjurations
 - Level 9.0 Charms
   Level 5.0 Summonings
 + Level 12.8 Necromancy
 + Level 11.9 Transmutations
 - Level 21.0 Fire Magic
 - Level 9.0 Air Magic
 - Level 20.0 Earth Magic
 - Level 10.0 Evocations


You had 5 spell levels left.
You knew the following spells:

 Your Spells              Type           Power        Failure   Level  Hunger
a - Flame Tongue          Conj/Fire      #####        0%          1    None
b - Shatter               Erth           ########..   2%          9    None
c - Ignition              Fire           ########..   1%          8    None
d - Deflect Missiles      Chrm/Air       #######...   1%          6    None
e - Fireball              Conj/Fire      #########.   0%          5    None
f - Bolt of Fire          Conj/Fire      #########.   0%          6    None
g - Sandblast             Erth           ######       0%          1    None
h - Stone Arrow           Conj/Erth      ######       0%          3    None
i - Fire Storm            Conj/Fire      #########.   1%          9    None
j - Bolt of Magma         Conj/Fire/Erth ########..   0%          5    None
k - Iron Shot             Conj/Erth      ########..   0%          6    None
l - Necromutation         Tmut/Necr      ########..   14%         8    None

Your spell library contained the following spells:

 Spells                   Type           Power        Failure   Level  Hunger
 Chain Lightning          Conj/Air       ########..   1%          8    None
 Lehudib's Crystal Spear  Conj/Erth      ########..   1%          8    None
 Animate Skeleton         Necr           N/A          0%          1    None
 Beastly Appendage        Tmut           ######       0%          1    None
 Infusion                 Chrm           ####         0%          1    None
 Magic Dart               Conj           ####         0%          1    None
 Shock                    Conj/Air       ####         0%          1    None
 Sting                    Conj/Pois      ####         0%          1    None
 Corpse Rot               Necr           N/A          0%          2    None
 Passwall                 Tmut/Erth      ########     0%          2    None
 Searing Ray              Conj           ######       0%          2    None
 Song of Slaying          Chrm           #######.     0%          2    None
 Sticks to Snakes         Tmut           ########     0%          2    None
 Sublimation of Blood     Necr           ########..   0%          2    None
 Swiftness                Chrm/Air       #######.     0%          2    None
 Throw Flame              Conj/Fire      ######       0%          2    None
 Throw Frost              Conj/Ice       ######       0%          2    None
 Conjure Flame            Conj/Fire      ########     0%          3    None
 Dazzling Spray           Conj/Hex       ######       0%          3    None
 Ignite Poison            Fire/Tmut/Pois #######.     0%          3    None
 Inner Flame              Hex/Fire       #######.     0%          3    None
 Mephitic Cloud           Conj/Pois/Air  ########     0%          3    None
 Regeneration             Chrm/Necr      #######...   0%          3    None
 Static Discharge         Conj/Air       ########     0%          3    None
 Iskenderun's Mystic Bla  Conj           ########     0%          4    None
 Petrify                  Tmut/Erth      ########     0%          4    None
 Sticky Flame             Conj/Fire      ########     0%          4    None
 Bolt of Draining         Conj/Necr      ########..   0%          5    None
 Borgnjor's Vile Clutch   Necr/Erth      ########..   0%          5    None
 Irradiate                Conj/Tmut      ########..   0%          5    None
 Lee's Rapid Deconstruct  Erth           ########..   0%          5    None
 Lightning Bolt           Conj/Air       ########..   0%          5    None
 Apportation              Tloc           ######       1%          1    None
 Confusing Touch          Hex            ######       1%          1    None
 Corona                   Hex            ######.      1%          1    None
 Freeze                   Ice            ####         1%          1    None
 Summon Butterflies       Summ           #######.     1%          1    None
 Summon Small Mammal      Summ           ####         1%          1    None
 Call Imp                 Summ           #######.     1%          2    None
 Ensorcelled Hibernation  Hex/Ice        ######       1%          2    None
 Poisonous Vapours        Pois/Air       ######       1%          2    None
 Shroud of Golubria       Chrm/Tloc      ######       1%          2    None
 Slow                     Hex            ######..     1%          2    None
 Call Canine Familiar     Summ           #######.     1%          3    None
 Confuse                  Hex            ######..     1%          3    None
 Gell's Gravitas          Tloc           ######....   1%          3    None
 Lesser Beckoning         Tloc           ######....   1%          3    None
 Ozocubu's Armour         Chrm/Ice       ######..     1%          3    None
 Portal Projectile        Hex/Tloc       ######       1%          3    None
 Recall                   Summ/Tloc      N/A          1%          3    None
 Spectral Weapon          Hex/Chrm       ######..     1%          3    None
 Spider Form              Tmut/Pois      #######...   1%          3    None
 Summon Guardian Golem    Hex/Summ       ######..     1%          3    None
 Tukima's Dance           Hex            ######..     1%          3    None
 Airstrike                Air            #######...   1%          4    None
 Animate Dead             Necr           N/A          1%          4    None
 Force Lance              Conj/Tloc      ########     1%          4    None
 Fulminant Prism          Conj/Hex       ########..   1%          4    None
 Ice Form                 Ice/Tmut       #######.     1%          4    None
 Leda's Liquefaction      Hex/Erth       #######...   1%          4    None
 Olgreb's Toxic Radiance  Pois           ######..     1%          4    None
 Summon Ice Beast         Ice/Summ       ######..     1%          4    None
 Summon Lightning Spire   Summ/Air       #######.     1%          4    None
 Throw Icicle             Conj/Ice       ########     1%          4    None
 Agony                    Necr           ########     1%          5    None
 Alistair's Intoxication  Tmut/Pois      #######.     1%          5    None
 Aura of Abjuration       Summ           #######...   1%          5    None
 Dispel Undead            Necr           ########     1%          5    None
 Excruciating Wounds      Chrm/Necr      #######...   1%          5    None
 Silence                  Hex/Air        ######....   1%          5    None
 Venom Bolt               Conj/Pois      ########..   1%          5    None
 Yara's Violent Unravell  Hex/Tmut       #######...   1%          5    None
 Cause Fear               Hex            ######....   3%          4    None
 Summon Forest            Summ/Tloc      ######....   3%          5    None
 Summon Mana Viper        Hex/Summ       ######..     3%          5    None
 Metabolic Englaciation   Hex/Ice        ######....   10%         5    None
 Death Channel            Necr           ########..   1%          6    None
 Freezing Cloud           Conj/Ice/Air   ########..   1%          6    None
 Hydra Form               Tmut           ########..   1%          6    None
 Poison Arrow             Conj/Pois      ########..   1%          6    None
 Statue Form              Tmut/Erth      ########.    1%          6    None
 Ring of Flames           Chrm/Fire      ########..   1%          7    None
 Spellforged Servitor     Conj/Summ      ########..   1%          7    None
 Dragon Form              Tmut           ########..   2%          7    None
 Simulacrum               Ice/Necr       #######...   3%          6    None
 Shadow Creatures         Summ           N/A          7%          6    None
 Haunt                    Necr/Summ      #######...   8%          7    None
 Borgnjor's Revivificati  Necr           ########..   12%         8    None
 Infestation              Necr           ########..   12%         8    None
 Death's Door             Chrm/Necr      #######...   26%         8    None
 Monstrous Menagerie      Summ           #######...   36%         7    None
 Summon Greater Demon     Summ           #######...   36%         7    None
 Darkness                 Hex            ######....   47%         6    None
 Dispersal                Tloc           ######....   47%         6    None
 Invisibility             Hex            ######..     47%         6    None
 Malign Gateway           Summ/Tloc      ######....   71%         7    None
 Glaciate                 Conj/Ice       ########..   71%         9    None
 Tornado                  Air            #######...   88%         9    None
 Summon Horrible Things   Summ           #######...   96%         8    None
 Discord                  Hex            ######....   100%        8    None


Dungeon Overview and Level Annotations

Branches:
Dungeon (15/15)            Temple (1/1) D:4            Lair (6/6) D:9
 Shoals (4/4) Lair:2       Spider (4/4) Lair:3        Slime (5/5) Lair:6
    Orc (2/2) D:9             Elf (3/3) Orc:2        Vaults (5/5) D:14
  Crypt (0/3) Vaults:2     Depths (5/5) D:15            Zot (5/5) Depths:5

Altars:
Cheibriados
Dithmenos
Elyvilon
Gozag
Hepliaklqana
Kikubaaqudgha
Nemelex Xobeh
Okawaru
Qazlal
Ru
Trog
Vehumet
Yredelemnul
Zin
The Shining One
Beogh
Jiyva

Shops:
D:4 }   D:12 %   D:14 [   D:15 *   Orc:1 *   Orc:2 !*([   Elf:1 ?   Elf:2 %
Shoals:4 *   Vaults:1 (   Vaults:2 *%[   Depths:1 =}}[

Portals:
Hell: Depths:1 Depths:2 Depths:3 Depths:4* Depths:5
Abyss: Depths:2 Depths:3 Depths:4
Pandemonium: Depths:1 Depths:3
Ziggurat: Depths:5

Annotations:
D:7 1 runed translucent door
Zot:4 1 transporter


Innate Abilities, Weirdness & Mutations

You are partially covered in molten scales. (AC +2)
You have a somewhat thin skeletal structure. (Dex +2, Stealth)
Your mind is acute. (Int +2)
You are clumsy. (Dex -2)
Your flesh is heat resistant. (rF+)
You occasionally shout uncontrollably at your foes.
You are resistant to electric shocks. (rElec)
You are very weak. (Str -4)


Message History

[Y]es or [N]o only, please.
Your blink will be uncontrolled - continue anyway? [Y]es or [N]o only, please.
Your blink will be uncontrolled - continue anyway?
The Orb prevents control of your translocation!
You blink.
As you read the scroll of blinking, it crumbles to dust.
The Killer Klown pulls ten torches off its hat and starts juggling.
The Killer Klown blinks!
Unknown command.
Unknown command.
Unknown command.
Unknown command.
Your blink will be uncontrolled - continue anyway?
The Orb prevents control of your translocation!
You blink.
As you read the scroll of blinking, it crumbles to dust.
The orb of fire glows deep purple.
The fireball explodes!
The fireball engulfs you!! You resist.
You die...

**,,...##▓▓▓▓▓▓▓▓▓▓▓#
**,,,.....).).....(..###
**,,,,............##.X..##
**,,,,,.......†.§...###...#######
*,,,,,,.........**...###.........
*,,,,,,......§÷.)X...# ##........
*,,,,,,...........X..# #........
*,,,,,,......^....X..# ##.......
*,,,,,,.......p.@...^# #.......
*,,,,,,........^..§..# ##.......
**,,,,,.............## #........
**,,,,............## ##........
**,,,...........## #........)
*###**##########▓▓▓▓########.#
##..## #.....#....##.###.# #....#
#^....#...##...##.# ###...###
###.(.###..'.......#


You could see 2 orbs of fire, a Killer Klown and 3 Orb Guardians.

Vanquished Creatures
  Dissolution (Slime:4)
  the Royal Jelly (Slime:5)
  2 orbs of fire (Zot:5)
  Mennas (Depths:4)
  2 ancient liches
  Sojobo (Depths:2)
  A Killer Klown (Zot:5)
  Bai Suzhen (Vaults:3)
  Frederick (Depths:3)
  Margery (Depths:2)
  Saint Roka (Depths:2)
  A curse toe (Zot:3)
  Nikola (Shoals:2)
  A bone dragon (Depths:5)
  5 golden dragons
  An electric golem (Zot:5)
  Jorgrun (D:13)
  12 tentacled monstrosities
  10 Orb Guardians (Zot:5)
  A deep elf blademaster (Elf:3)
  2 quicksilver dragons
  5 titans (Vaults:5)
  21 acid blobs
  8 liches
  3 sphinxes
  11 death cobs
  A deep elf master archer (Elf:3)
  Agnes (Lair:3)
  16 tengu reavers
  An ancient champion (Depths:2)
  4 draconian monks
  11 shadow dragons
  The ghost of jtd910 the Brawler, an adept TrMo of Cheibriados (Elf:1)
  2 thorn hunters (Depths:1)
  A revenant (Depths:4)
  6 fire giants
  18 storm dragons
  11 azure jellies
  8 draconian knights
  An iron dragon (Depths:4)
  8 ghost moths
  5 frost giants
  5 deep elf sorcerers
  16 vault wardens
  2 orc warlords
  A caustic shrike zombie (Depths:4)
  5 draconian scorchers
  4 emperor scorpions
  3 draconian shifters
  A draconian stormcaller (Depths:5)
  6 draconian annihilators
  7 deep elf elementalists (Elf:3)
  20 ironheart preservers
  2 entropy weavers
  An entropy weaver (shapeshifter) (Vaults:4)
  A stone giant (shapeshifter) (Depths:5)
  23 very ugly things
  A caustic shrike skeleton (Depths:4)
  4 red draconians
  10 vampire knights
  13 deep elf annihilators
  4 black draconians
  7 yellow draconians
  6 green draconians
  20 stone giants
  Azrael (D:14)
  5 spark wasps
  6 deep elf demonologists
  A dire elephant (Lair:2)
  A minotaur (Gauntlet)
  3 purple draconians
  A spark wasp (shapeshifter) (D:14)
  8 white draconians
  8 statues (Depths:3)
  13 ettins
  10 death oozes
  3 jiangshi (Depths:4)
  10 deep elf death magi
  11 merfolk impalers
  2 crystal guardians
  3 merfolk javelineers (Shoals:4)
  15 fire dragons
  4 deep elf high priests
  21 yaktaur captains
  20 ogre magi
  Fannar (D:11)
  8 hydras
  15 great orbs of eyes
  2 merfolk avatars (Shoals:4)
  9 ice dragons
  7 rakshasas
  38 vault guards
  A quicksilver dragon skeleton (Depths:4)
  2 anacondas (shapeshifter) (WizLab)
  A spriggan air mage (Depths:4)
  17 centaur warriors
  2 death knights (Vaults:2)
  24 dancing weapons
  4 merfolk aquamancers
  A queen ant (Lair:3)
  57 two-headed ogres
  7 deep troll shamans
  3 tengu warriors
  Urug (Lair:3)
  2 satyrs
  A titan zombie (Depths:4)
  10 deep troll earth magi
  3 vampire magi
  6 orc high priests
  12 deep elf knights
  4 spriggan berserkers
  An iron golem (WizLab)
  Sonja (Lair:1)
  A fire crab (shapeshifter) (WizLab)
  A salamander mystic (Depths:3)
  A fire crab (Lair:2)
  19 hell knights
  5 iron trolls
  3 shadow wraiths
  27 deep trolls
  A spark wasp zombie (Depths:4)
  9 wizards
  7 sea snakes
  15 skeletal warriors
  3 unseen horrors
  3 glowing orange brains
  A glowing orange brain (shapeshifter) (WizLab)
  7 flayed ghosts
  2 torturous demonspawn (Depths:1)
  15 ironbrand convokers
  A swamp dragon (shapeshifter) (Vaults:5)
  14 deep elf archers
  A shadow dragon zombie (Vaults:5)
  Pikel (D:4)
  A lindwurm (Lair:2)
  6 phantasmal warriors
  A wolf spider zombie (D:15)
  A lindwurm (shapeshifter) (Depths:2)
  A harpy (shapeshifter) (Depths:2)
  2 harpies (Shoals:4)
  2 golden dragon skeletons
  21 necromancers
  An orange crystal statue (Zot:4)
  2 orb spiders (shapeshifter) (WizLab)
  17 orc knights
  A frost giant zombie (Depths:4)
  28 ugly things
  56 deep elf magi
  30 wolf spiders
  15 cyclopes
  2 oklob plants (Lair:2)
  12 fauns
  A sphinx zombie (Depths:4)
  14 manticores
  20 orb spiders
  A mana viper (shapeshifter) (Vaults:3)
  3 fire giant zombies
  A shining eye (shapeshifter) (WizLab)
  27 moths of wrath
  4 salamanders (Depths:3)
  6 shining eyes
  7 water nymphs
  A frost giant skeleton (Vaults:4)
  An iron dragon skeleton (Depths:4)
  17 elephants
  An eye of devastation (shapeshifter) (Vaults:5)
  2 fire giant skeletons (Depths:4)
  A spriggan zombie (Depths:4)
  2 black mambas (Lair:2)
  5 merfolk sirens
  4 eyes of devastation
  7 vault sentinels
  A torpor snail (Spider:1)
  2 spriggan skeletons (Depths:4)
  3 molten gargoyles (Depths:1)
  4 black mambas (shapeshifter)
  9 spiny frogs
  2 spiny frogs (shapeshifter)
  An orange demon (Depths:1)
  A gargoyle (D:11)
  3 rime drakes
  2 rime drakes (shapeshifter) (WizLab)
  7 komodo dragons
  A yaktaur (shapeshifter) (WizLab)
  8 freezing wraiths
  A tormentor (Depths:1)
  2 hellwings (Depths:1)
  A kobold demonologist (Depths:3)
  69 yaktaurs
  A queen bee (Lair:4)
  36 merfolk
  2 tengu conjurers
  2 meliai (shapeshifter)
  10 trolls
  9 demonic crawlers
  3 meliai (Lair:4)
  A troll (shapeshifter) (WizLab)
  3 wind drakes (shapeshifter) (WizLab)
  6 polar bears
  31 jumping spiders
  A hornet (shapeshifter) (WizLab)
  5 wind drakes
  2 raiju (shapeshifter)
  17 hornets
  2 hippogriffs (shapeshifter)
  108 slime creatures
  Prince Ribbit (D:6)
  8 blink frogs
  A stone giant simulacrum (Vaults:3)
  9 dream sheep
  7 snapping turtles
  A dream sheep (shapeshifter) (Vaults:5)
  A human simulacrum (Vaults:4)
  12 hippogriffs
  A fire giant simulacrum (Vaults:2)
  22 flying skulls
  81 redbacks
  3 vampires
  38 tarantellas
  15 water elementals
  5 air elementals
  14 spriggans (Lair:6)
  7 shadows
  13 fire elementals
  A yak (shapeshifter) (WizLab)
  A spriggan (shapeshifter) (WizLab)
  A tarantella (shapeshifter) (WizLab)
  3 wraiths
  2 wyverns (Lair:2)
  Eustachio (D:5)
  An elf zombie (Vaults:4)
  39 yaks
  3 hogs (D:12)
  3 fire bats (Gauntlet)
  A golden eye (Slime:1)
  4 basilisks
  A human (D:12)
  Menkaure (D:5)
  2 hungry ghosts (D:14)
  A vampire mosquito (D:14)
  4 swamp worms (Lair:1)
  7 wargs
  An acid dragon (D:13)
  13 water moccasins
  A warg (shapeshifter) (Depths:2)
  3 hell hounds (D:14)
  9 soldier ants (Lair:3)
  A soldier ant (shapeshifter) (Depths:2)
  9 porcupines
  An ice beast (D:6)
  67 orc warriors
  6 floating eyes
  6 sky beasts
  4 black bears
  8 large abominations
  53 ogres
  2 ettin simulacra
  3 necrophages
  10 boggarts
  7 eyes of draining
  22 centaurs
  2 phantoms
  An eye of draining (shapeshifter) (WizLab)
  30 wolves
  A centaur (shapeshifter) (WizLab)
  14 crocodiles
  Blork the orc (D:5)
  6 small abominations (WizLab)
  8 big kobolds
  9 earth elementals
  11 bullfrogs
  6 scorpions
  A water moccasin skeleton (D:8)
  An elf simulacrum (Vaults:2)
  29 killer bees
  11 electric eels
  10 wights
  A bullfrog zombie (D:6)
  A howler monkey (D:12)
  11 crimson imps
  3 centaur zombies
  4 quasits
  3 bullfrog skeletons
  A gnoll shaman (D:9)
  16 hounds
  9 jellies
  Crazy Yiuf (D:2)
  6 centaur skeletons
  37 orc priests
  2 human zombies
  35 orc wizards
  2 iguanas
  3 hell rats (Lair:5)
  36 worker ants
  4 mummies (D:14)
  A hound skeleton (D:3)
  A howler monkey zombie (D:11)
  3 gnolls (D:9)
  A howler monkey skeleton (D:4)
  16 adders
  15 river rats
  2 shadow imps
  An ufetubus (Depths:1)
  15 oozes
  An adder zombie (D:7)
  2 adder skeletons
  3 worms (D:4)
  A dart slug (D:2)
  4 leopard geckos
  145 orcs
  6 ball pythons
  5 giant cockroaches
  9 goblins
  8 hobgoblins
  3 jackals
  30 kobolds
  2 quokkas
  10 bats
  6 frilled lizards
  A jackal skeleton (D:4)
  A leopard gecko skeleton (D:8)
  A quokka skeleton (D:7)
  26 rats
  8 briar patches (Depths:1)
  A crawling corpse (Vaults:3)
  8 fire vortices
  5 fungi
  5 plants
2759 creatures vanquished.

Vanquished Creatures (collateral kills)
  A mutant beast (WizLab)
  2 acid blobs
  A titan (Vaults:5)
  A fire giant (Depths:4)
  A very ugly thing (WizLab)
  A green draconian (Zot:2)
  2 yaktaur captains
  A deep troll shaman (Vaults:4)
  A deep troll (Depths:3)
  An iron troll (Depths:5)
  A fire crab (Gauntlet)
  A wizard (Depths:3)
  An orc knight (Orc:2)
  A shining eye (Slime:2)
  A deep elf mage (Elf:3)
  A wind drake (Depths:1)
  2 slime creatures (Slime:5)
  A yak (Lair:2)
  A water elemental (Depths:2)
  A fire bat (Gauntlet)
  2 boggarts (Depths:1)
  An orc wizard (Depths:2)
  An orc (Depths:2)
  A crawling corpse (Vaults:3)
28 creatures vanquished.

Vanquished Creatures (others)
  A deep elf annihilator (Depths:3)
  An unseen horror (D:12)
  A redback zombie (D:14)
  A centaur skeleton (D:4)
  2 adders (D:4)
  An orc (D:14)
  3 jackals (D:4)
  238 fire vortices
  21 fungi
  6 plants
  10 toadstools (Lair:2)
  2 withered plants (D:14)
287 creatures vanquished.

Grand Total: 3074 creatures vanquished

Notes
Turn   | Place    | Note
-------+----------+-------------------------------------------
     0 | D:1      | Spazmo the Deep Elf Fire Elementalist began the quest for
                  | the Orb.
     0 | D:1      | Reached XP level 1. HP: 10/10 MP: 6/6
   251 | D:1      | Reached XP level 2. HP: 15/15 MP: 5/8
   257 | D:1      | Learned a level 2 spell: Throw Flame
  1033 | D:2      | Reached XP level 3. HP: 19/19 MP: 6/10
  1257 | D:2      | Reached skill level 4 in Spellcasting
  1475 | D:2      | Learned a level 3 spell: Conjure Flame
  1482 | D:2      | Found a runed translucent door.
  1483 | D:2      | Noticed Crazy Yiuf
  1489 | D:2      | Killed Crazy Yiuf
  1489 | D:2      | Reached XP level 4. HP: 24/24 MP: 8/12
  2391 | D:4      | Noticed a slave
  2391 | D:4      | Noticed a slave
  2391 | D:4      | Noticed a slave
  2391 | D:4      | Noticed Pikel
  2396 | D:4      | Noticed a slave
  2406 | D:4      | Killed Pikel
  2406 | D:4      | Reached skill level 6 in Spellcasting
  2406 | D:4      | Reached skill level 5 in Fire Magic
  2406 | D:4      | Reached XP level 5. HP: 3/28 MP: 0/15
  2406 | D:4      | Reached XP level 6. HP: 4/32 MP: 0/17
  2406 | D:4      | Reached XP level 7. HP: 4/36 MP: 0/18
  2433 | D:4      | Found a staircase to the Ecumenical Temple.
  2443 | Temple   | Entered the Ecumenical Temple
  2538 | Temple   | Became a worshipper of Vehumet
  2588 | D:4      | Reached skill level 5 in Conjurations
  2604 | D:4      | Learned a level 4 spell: Sticky Flame
  2610 | D:4      | Learned a level 5 spell: Fireball
  2697 | D:4      | Reached skill level 7 in Spellcasting
  2714 | D:4      | Found a glowing drain.
  2718 | Sewer    | Entered a sewer
  2974 | Sewer    | Reached * piety under Vehumet
  2974 | Sewer    | Offered knowledge of Sting by Vehumet.
  3230 | Sewer    | Reached ** piety under Vehumet
  3230 | Sewer    | Offered knowledge of Shock by Vehumet.
  3305 | Sewer    | Reached XP level 8. HP: 41/41 MP: 2/21
  3628 | D:4      | Found Fusegofra's Gadget Emporium.
  3884 | D:5      | Entered Level 5 of the Dungeon
  3895 | D:5      | Noticed Eustachio
  3901 | D:5      | Reached skill level 8 in Spellcasting
  3998 | D:5      | Killed Eustachio
  4288 | D:5      | Noticed Blork the orc
  4294 | D:5      | Killed Blork the orc
  4320 | D:5      | Noticed Menkaure
  4325 | D:5      | Killed Menkaure
  4492 | D:5      | Noticed a two-headed ogre
  4507 | D:5      | Killed a two-headed ogre
  4507 | D:5      | Reached skill level 9 in Spellcasting
  4507 | D:5      | Reached XP level 9. HP: 45/45 MP: 15/24
  4813 | D:6      | Offered knowledge of Static Discharge by Vehumet.
  4827 | D:6      | Reached skill level 10 in Spellcasting
  4876 | D:6      | Noticed Prince Ribbit
  4883 | D:6      | Killed Prince Ribbit
  4899 | D:6      | Learned a level 1 spell: Sandblast
  4903 | D:6      | Learned a level 3 spell: Stone Arrow
  5002 | D:6      | Reached skill level 1 in Earth Magic
  5243 | D:6      | Reached *** piety under Vehumet
  5600 | D:6      | Offered knowledge of Dazzling Spray by Vehumet.
  5778 | D:7      | Reached XP level 10. HP: 36/50 MP: 13/26
  5886 | D:7      | Reached skill level 11 in Spellcasting
  5928 | D:7      | Found a runed translucent door.
  5930 | D:7      | Found a basalt altar of Yredelemnul.
  6074 | D:7      | Reached **** piety under Vehumet
  6133 | D:7      | Offered knowledge of Olgreb's Toxic Radiance by Vehumet.
  6434 | D:7      | Identified a scroll of acquirement
  6884 | D:8      | Found a sacrificial altar of Ru.
  7311 | D:9      | Reached skill level 10 in Fire Magic
  7321 | D:9      | Found a staircase to the Orcish Mines.
  7630 | D:9      | Found a staircase to the Lair.
  7631 | D:9      | Reached skill level 5 in Earth Magic
  7633 | D:9      | Reached ***** piety under Vehumet
  7673 | D:9      | Offered knowledge of Bolt of Fire by Vehumet.
  7681 | D:9      | Learned a level 6 spell: Bolt of Fire
  7849 | D:9      | Reached skill level 10 in Conjurations
  7943 | D:9      | Noticed a two-headed ogre
  7945 | D:9      | Reached skill level 12 in Spellcasting
  7951 | D:9      | Killed a two-headed ogre
  7951 | D:9      | Reached XP level 11. HP: 22/54 MP: 16/29
  8423 | D:10     | Entered Level 10 of the Dungeon
  8435 | D:10     | Noticed a two-headed ogre
  8450 | D:10     | Killed a two-headed ogre
  9380 | Lair:1   | Entered Level 1 of the Lair of Beasts
  9393 | Lair:1   | Reached skill level 13 in Spellcasting
  9488 | Lair:1   | Learned a level 4 spell: Summon Lightning Spire
  9488 | Lair:1   | Noticed a seven-headed hydra
  9490 | Lair:1   | Killed a seven-headed hydra
  9490 | Lair:1   | Reached skill level 1 in Summonings
  9490 | Lair:1   | Reached skill level 1 in Air Magic
  9984 | Lair:1   | Noticed Sonja
  9987 | Lair:1   | Killed Sonja
  9989 | Lair:1   | You fall into a shaft and drop 1 floor!
  9990 | Lair:2   | Noticed a fire crab
 10011 | Lair:2   | Reached XP level 12. HP: 28/59 MP: 7/31
 10196 | Lair:2   | Reached skill level 5 in Summonings
 10785 | Lair:1   | Reached skill level 5 in Air Magic
 11145 | Lair:2   | Reached skill level 10 in Earth Magic
 11318 | Lair:2   | Found a staircase to the Shoals.
 11446 | Lair:2   | Noticed a dire elephant
 11466 | Lair:2   | Found a runed translucent door.
 11476 | Lair:2   | Reached skill level 1 in Fighting
 11574 | Lair:2   | Killed a dire elephant
 11574 | Lair:2   | Reached skill level 5 in Dodging
 11906 | Lair:3   | Noticed a seven-headed hydra
 11909 | Lair:3   | Killed a seven-headed hydra
 12097 | Lair:3   | Noticed Urug
 12101 | Lair:3   | Killed Urug
 12404 | Lair:3   | Reached XP level 13. HP: 71/71 MP: 20/32
 12725 | Lair:3   | Offered knowledge of Bolt of Magma by Vehumet.
 12800 | Lair:3   | Reached skill level 5 in Fighting
 13266 | Lair:3   | Found a hole to the Spider Nest.
 13492 | Lair:4   | Found a gate leading to a gauntlet.
 13499 | Gauntlet | Entered a Gauntlet
 13499 | Gauntlet | Found a transporter.
 13499 | Gauntlet | Found a transporter.
 13499 | Gauntlet | Found a transporter.
 13503 | Gauntlet | Found a transporter.
 13509 | Gauntlet | Found a transporter.
 13516 | Gauntlet | Found a transporter.
 13518 | Gauntlet | Found a transporter.
 13530 | Gauntlet | Found a transporter.
 13530 | Gauntlet | Found a transporter.
 13536 | Gauntlet | Found a transporter.
 13538 | Gauntlet | Found a transporter.
 13569 | Gauntlet | Found a transporter.
 13750 | Gauntlet | Identified the Collected Works on Fire and Venom
 13809 | Gauntlet | Learned a level 5 spell: Bolt of Magma
 14133 | Gauntlet | Noticed a minotaur
 14135 | Gauntlet | Killed a minotaur
 14193 | Gauntlet | Learned a level 2 spell: Passwall
 14557 | Lair:4   | Reached skill level 10 in Dodging
 14795 | Lair:4   | Reached ****** piety under Vehumet
 15479 | Lair:5   | Offered knowledge of Irradiate by Vehumet.
 16665 | Lair:6   | Entered Level 6 of the Lair of Beasts
 17068 | Lair:6   | Reached XP level 14. HP: 84/84 MP: 24/33
 18079 | Lair:6   | Reached skill level 1 in Shields
 18221 | Lair:6   | Offered knowledge of Spellforged Servitor by Vehumet.
 18692 | Lair:6   | Found a radiant altar of Vehumet.
 18900 | Lair:6   | Found a staircase to the Slime Pits.
 18900 | Lair:6   | Found a viscous altar of Jiyva.
 19379 | Orc:1    | Entered Level 1 of the Orcish Mines
 19439 | Orc:2    | Entered Level 2 of the Orcish Mines
 19874 | Orc:2    | Found a staircase to the Elven Halls.
 20669 | Orc:2    | Reached skill level 14 in Spellcasting
 21262 | Orc:2    | Found Ocaoch's Distillery.
 21265 | Orc:2    | Found Qustuas's Antique Weapon Shop.
 21266 | Orc:2    | Found Naskyal's Armour Shop.
 21267 | Orc:2    | Found Xemiumon's Assorted Antiques.
 21437 | Orc:2    | Bought a hardcover book for 270 gold pieces
 21437 | Orc:2    | Bought a scroll of identify for 36 gold pieces
 21437 | Orc:2    | Bought a scroll of identify for 36 gold pieces
 21437 | Orc:2    | Bought a scroll of identify for 36 gold pieces
 21437 | Orc:2    | Bought a graven book for 270 gold pieces
 21440 | Orc:2    | Bought a +0 hat of magic resistance for 154 gold pieces
 21458 | Orc:2    | Bought a potion of heal wounds for 75 gold pieces
 21563 | Orc:1    | Noticed an orc warlord
 21699 | Orc:1    | Offered knowledge of Iron Shot by Vehumet.
 21724 | Orc:2    | Learned a level 6 spell: Iron Shot
 21796 | Orc:1    | Found Kulon's General Store.
 22003 | Orc:1    | Killed an orc warlord
 23383 | D:11     | Noticed Fannar
 23389 | D:11     | Killed Fannar
 23839 | D:12     | Reached XP level 15. HP: 78/88 MP: 17/35
 23880 | D:12     | Found Dyuj Ymimu's Food Shop.
 24111 | D:12     | Identified Sif Muna's Disquisition on Envenoming and the
                  | Birds
 24226 | D:12     | Found a flagged portal.
 24268 | D:12     | Offered knowledge of Ozocubu's Refrigeration by Vehumet.
 24514 | Shoals:1 | Entered Level 1 of the Shoals
 25335 | D:13     | Reached skill level 15 in Spellcasting
 25624 | D:13     | Noticed Jorgrun
 25629 | D:13     | Killed Jorgrun
 25923 | D:14     | Noticed Azrael
 26335 | D:14     | Identified the amulet of the Present {Gourm MR+ Int+3}
 26338 | D:14     | Offered knowledge of Bolt of Cold by Vehumet.
 26601 | D:14     | Killed Azrael
 26868 | D:14     | Identified Sif Muna's Guide on Damaging Black Arts
 26952 | D:14     | Reached skill level 16 in Spellcasting
 27179 | D:14     | Found Yptashad's Antique Armour Shop.
 27182 | D:14     | Bought a runed robe for 107 gold pieces
 27268 | D:14     | Found a gate to the Vaults.
 27316 | D:14     | Found a roughly hewn altar of Beogh.
 27742 | D:15     | Entered Level 15 of the Dungeon
 27748 | D:15     | Got a fine spear
 27749 | D:15     | Identified the +5 spear of Past Mistakes {drain, Int+4}
                  | (You found it on level 15 of the Dungeon)
 27898 | D:15     | Found a staircase to the Depths.
 28303 | D:15     | Found Gozag's Platinum Reserve.
 28303 | D:15     | Found an opulent altar of Gozag.
 28652 | D:15     | Reached XP level 16. HP: 93/93 MP: 38/38
 29201 | Shoals:1 | Offered knowledge of Lehudib's Crystal Spear by Vehumet.
 29201 | Shoals:1 | Offered knowledge of Fire Storm by Vehumet.
 29201 | Shoals:1 | Offered knowledge of Chain Lightning by Vehumet.
 29496 | Shoals:2 | Noticed Nikola
 29517 | Shoals:2 | Killed Nikola
 29522 | Shoals:2 | Got a faintly glowing scale mail
 29951 | Shoals:2 | Reached skill level 15 in Conjurations
 29951 | Shoals:2 | Reached skill level 15 in Fire Magic
 30069 | Shoals:3 | Found a sacrificial altar of Ru.
 30842 | Spider:1 | Entered Level 1 of the Spider Nest
 30842 | Spider:1 | Noticed Agnes
 30856 | Lair:3   | Learned a level 8 spell: Ignition
 30863 | Lair:3   | HP: 1/93 [poisoned by a redback]
 30865 | Lair:3   | Killed Agnes
 33040 | Spider:2 | Reached XP level 17. HP: 97/97 MP: 37/39
 34683 | Spider:4 | Entered Level 4 of the Spider Nest
 35780 | Spider:4 | HP: 4/97 [spark wasp (15)]
 36736 | Spider:4 | Got a gossamer rune of Zot
 36983 | Shoals:4 | Entered Level 4 of the Shoals
 37345 | Shoals:4 | Learned a level 6 spell: Deflect Missiles
 37348 | Shoals:4 | Reached skill level 1 in Charms
 37614 | Shoals:4 | Reached skill level 5 in Charms
 37645 | Shoals:4 | Reached XP level 18. HP: 103/103 MP: 40/40
 37743 | Shoals:4 | Identified the cursed +3 trident "Goblin's Nightmare"
                  | {venom, +Blink MR++ Dex-5}
 37819 | Shoals:4 | Found Ryad's General Store.
 38310 | Shoals:4 | Got a barnacled rune of Zot
 38539 | Vaults:1 | Entered Level 1 of the Vaults
 39753 | Vaults:1 | Found Muleh's Antique Weapon Boutique.
 40357 | Vaults:1 | Got a pair of spiked boots
 40358 | Vaults:1 | Identified the +5 pair of boots "Xaeben" {MR+ rCorr Dex+2}
                  | (You acquired it on level 1 of the Vaults)
 40698 | Vaults:2 | Found Poucviuwn's Armour Shoppe.
 40707 | Vaults:2 | Found a magical portal.
 40730 | WizLab   | Entered Cigotuvi's Fleshworks
 41060 | WizLab   | Got a flickering pewter ring
 41061 | WizLab   | Identified the ring "Veitaame" {*Drain MP+9 Int+8} (You
                  | found it in a wizard's laboratory)
 41141 | WizLab   | Reached XP level 19. HP: 107/107 MP: 34/41
 41147 | WizLab   | Identified Pefep's Grimoire of Transmutation
 41154 | WizLab   | Identified the Volume of Transformation
 41158 | WizLab   | Identified Cigotuvi's Incunabulum of Transmigration and
                  | Evil
 41337 | WizLab   | Learned a level 9 spell: Fire Storm
 41601 | Vaults:2 | Got a pitted long sword
 41602 | Vaults:2 | Identified the +8 long sword "Conservator" {holy, Int+4
                  | Dex+2} (You found it on level 2 of the Vaults)
 41834 | Vaults:2 | Found a staircase to the Crypt.
 41992 | Vaults:2 | Found Satuopogg's Food Boutique.
 41994 | Vaults:2 | Found Dekkemud's General Store.
 43609 | Vaults:3 | Reached XP level 20. HP: 112/112 MP: 42/42
 43609 | Vaults:3 | Noticed Bai Suzhen
 43612 | Vaults:3 | Killed Bai Suzhen
 44296 | Vaults:3 | Reached skill level 17 in Spellcasting
 44701 | Vaults:3 | Reached skill level 18 in Spellcasting
 44707 | Vaults:3 | Got an iridescent flail
 44708 | Vaults:3 | Identified the cursed +1 flail of Laceration {crush, rC+
                  | Int+4 SInv Stlth-} (You found it on level 3 of the Vaults)
 45355 | Vaults:4 | Reached skill level 19 in Spellcasting
 45757 | Vaults:4 | Reached skill level 20 in Spellcasting
 45972 | Vaults:4 | Reached XP level 21. HP: 117/117 MP: 46/47
 46963 | Depths:1 | Entered Level 1 of the Depths
 47324 | Depths:1 | Found a one-way gate leading to the halls of Pandemonium.
 47536 | Depths:1 | Found a gateway to Hell.
 47536 | Depths:1 | You fall into a shaft and drop 1 floor!
 47536 | Depths:2 | Noticed Saint Roka
 47539 | Depths:2 | Killed Saint Roka
 47561 | Depths:2 | Noticed Sojobo
 48069 | Depths:1 | Found Ohufohut's Jewellery Shoppe.
 48069 | Depths:1 | Found Geqantyc's Gadget Shop.
 48070 | Depths:1 | Found Mudas's Gadget Shop.
 48168 | Depths:1 | Found Daes's Armour Shop.
 48549 | Depths:1 | Reached skill level 10 in Fighting
 48655 | Depths:1 | Identified the Guide on the Blaze
 48658 | Depths:1 | Identified Sif Muna's Compendium of the Mountains
 48679 | Depths:2 | Identified the ring "Allory" {*Drain +Fly rPois Dex+5
                  | Stlth+}
 48688 | Depths:2 | Identified the cursed +1 ring mail of Resilience {Int+2}
 48987 | Depths:2 | Found an iron altar of Okawaru.
 49135 | Depths:2 | Identified the ring "Tuoxt" {rF+ MR+ Dex+4}
 49146 | Depths:2 | Reached skill level 15 in Dodging
 49256 | Depths:2 | Killed Sojobo
 49436 | Depths:2 | Found a one-way gate to the infinite horrors of the Abyss.
 49491 | Depths:2 | Noticed Margery
 49494 | Depths:2 | Killed Margery
 49495 | Depths:2 | Reached XP level 22. HP: 108/130 MP: 36/48
 49919 | Depths:2 | Got a twitching lead ring
 49920 | Depths:2 | Identified the ring of the Cuttlefish {*Tele rF- Str+4 SInv
                  | Stlth+} (You found it on level 2 of the Depths)
 49947 | Depths:2 | Found a radiant altar of Vehumet.
 50122 | Depths:2 | Got a transparent flail
 50123 | Depths:2 | Identified the +3 flail of Mewuc {vamp, rElec rN+ Int+5}
                  | (You found it on level 2 of the Depths)
 50178 | Depths:2 | Found a shadowy altar of Dithmenos.
 50903 | Depths:3 | Found a radiant altar of Vehumet.
 50903 | Depths:3 | Noticed Frederick
 50906 | Depths:3 | Killed Frederick
 50908 | Depths:3 | Identified the +6 spear "Xaste" {vamp, Str+6}
 50914 | Depths:3 | Reached skill level 5 in Stealth
 51071 | Depths:3 | Got a scorched bronze ring
 51072 | Depths:3 | Identified the ring of Qovitupa {rF++ AC+4 Str-2 Int+2}
                  | (You found it on level 3 of the Depths)
 51802 | Depths:4 | Noticed Mennas
 51803 | Depths:4 | Killed Mennas
 51803 | Depths:4 | Reached skill level 10 in Stealth
 52042 | Depths:4 | Reached XP level 23. HP: 110/135 MP: 32/49
 52863 | Depths:5 | Entered Level 5 of the Depths
 53319 | Depths:5 | Found a gate to the Realm of Zot.
 53856 | Depths:5 | Found a gateway to a ziggurat.
 54294 | Elf:1    | Entered Level 1 of the Elven Halls
 54564 | Elf:1    | Identified the Grimoire of Creation
 54740 | Elf:1    | Found Beemiwog's Magic Scroll Boutique.
 54746 | Elf:1    | Bought a scroll of acquirement for 624 gold pieces
 54746 | Elf:1    | Bought a scroll of blinking for 90 gold pieces
 55048 | Elf:1    | Found a runed translucent door.
 55049 | Elf:1    | Noticed jtd910's ghost (adept TrMo)
 55055 | Elf:1    | Killed jtd910's ghost
 55063 | Elf:1    | Identified the Collected Works on Execration
 55801 | Elf:2    | Found Niuquukh's Food Shoppe.
 55876 | Elf:2    | Found a huge runed translucent gate.
 55876 | Elf:2    | Found a huge runed translucent gate.
 55876 | Elf:2    | Found a huge runed translucent gate.
 55876 | Elf:2    | Found a huge runed translucent gate.
 55901 | Elf:2    | Found a huge runed translucent gate.
 56547 | Elf:3    | Entered Level 3 of the Elven Halls
 57313 | Elf:3    | Reached XP level 24. HP: 147/147 MP: 49/49
 57695 | Elf:3    | Got a brightly glowing rapier
 57696 | Elf:3    | Identified the +5 rapier "Elf's Regret" {venom, rC+ Int-3
                  | Dex+3} (You found it on level 3 of the Elven Halls)
 57708 | Elf:3    | Got a steaming hand axe
 57709 | Elf:3    | Identified the +8 hand axe of the Curious Mice {flame,
                  | rElec Int+2} (You found it on level 3 of the Elven Halls)
 58347 | Vaults:5 | Entered Level 5 of the Vaults
 58348 | Vaults:5 | Reached skill level 15 in Fighting
 59390 | Vaults:5 | Reached skill level 15 in Earth Magic
 59407 | Vaults:5 | Identified the ring "Exyatsui" {Int+2 SInv}
 59589 | Vaults:5 | Reached XP level 25. HP: 151/155 MP: 46/49
 59629 | Vaults:5 | Identified the +1 robe of New Discoveries {+Blink MR- rCorr
                  | Str+6}
 59642 | Vaults:5 | Identified the ring of Accord {Ice Dex+3}
 60050 | Vaults:5 | Identified the +5 quarterstaff of Severance {speed, rElec
                  | rN+ Stlth+} (You found it on level 5 of the Vaults)
 60085 | Vaults:5 | Identified the +1 robe "Tecipoul" {rC- Regen+ Dex+2 Stlth+}
                  | (You found it on level 5 of the Vaults)
 60093 | Vaults:5 | Identified the +9 dire flail of Ofayscha {chaos, rC+ MR+
                  | Str+4} (You found it on level 5 of the Vaults)
 60110 | Vaults:5 | Identified Xeamuyry's Grimoire of Evil
 60514 | Vaults:5 | Got a silver rune of Zot
 60690 | Vaults:5 | Identified the +6 shortbow of Sharkskin {freeze, +Inv rN+
                  | Str+4 Int+3 Dex-2} (You found it on level 5 of the Vaults)
 61176 | Vaults:5 | Learned a level 9 spell: Shatter
 61507 | Slime:1  | Entered Level 1 of the Pits of Slime
 61573 | Slime:1  | Gained mutation: You are frail. (-10% HP) [a shining eye]
 61816 | Slime:3  | Gained mutation: Potions are less effective at restoring
                  | your health. [a shining eye]
 62064 | Slime:4  | Noticed Dissolution
 62068 | Slime:4  | Killed Dissolution
 62229 | Slime:5  | Entered Level 5 of the Pits of Slime
 62348 | Slime:5  | Noticed the Royal Jelly
 62351 | Slime:5  | Killed the Royal Jelly
 62356 | Slime:5  | Reached skill level 21 in Spellcasting
 62392 | Slime:5  | Reached XP level 26. HP: 133/144 MP: 23/50
 62489 | Slime:5  | Found the +8 whip "Snakebite" {curare, rPois}
 62490 | Slime:5  | Found the +8 storm bow {elec, penet}
 62492 | Slime:5  | Found the +8 demon blade "Bloodbane" {slice, *Rage +Rage
                  | Stlth-}
 62581 | Slime:5  | Identified the +5 rapier "Lutsuz" {flame, rN++} (You found
                  | it on level 5 of the Pits of Slime)
 62605 | Slime:5  | Identified the +6 mace of the Boiling Point {crush, +Blink
                  | rPois Int-4 Dex+6} (You found it on level 5 of the Pits of
                  | Slime)
 62613 | Slime:5  | Got a slimy rune of Zot
 63023 | Zot:1    | Entered Level 1 of the Realm of Zot
 63302 | Zot:1    | Reached skill level 22 in Spellcasting
 63922 | Zot:1    | Identified the cursed +2 broad axe "Vakaocew" {freeze,
                  | rElec rF- Str+4 Stlth+}
 63925 | Zot:1    | Noticed an ancient lich
 63927 | Zot:1    | Killed an ancient lich
 63982 | Zot:1    | Reached skill level 23 in Spellcasting
 64135 | Zot:2    | Reached skill level 1 in Evocations
 64612 | Zot:2    | Reached skill level 5 in Evocations
 64694 | Zot:2    | Learned a level 8 spell: Necromutation
 64739 | Zot:2    | Reached skill level 1 in Necromancy
 64740 | Zot:2    | Reached skill level 1 in Transmutations
 65175 | Zot:3    | Lost mutation: Potions are less effective at restoring your
                  | health. [potion of mutation]
 65175 | Zot:3    | Lost mutation: You are frail. (-10% HP) [potion of
                  | mutation]
 65175 | Zot:3    | Gained mutation: You are frail. (-10% HP) [potion of
                  | mutation]
 65175 | Zot:3    | Gained mutation: You expend magic power (3 MP) to
                  | strengthen your wands. [potion of mutation]
 65175 | Zot:3    | Gained mutation: Your spells are a little harder to cast,
                  | but a little more powerful. [potion of mutation]
 65175 | Zot:3    | Gained mutation: You are partially covered in molten
                  | scales. (AC +2) [potion of mutation]
 65176 | Zot:3    | Lost mutation: You expend magic power (3 MP) to strengthen
                  | your wands. [potion of mutation]
 65176 | Zot:3    | Lost mutation: Your spells are a little harder to cast, but
                  | a little more powerful. [potion of mutation]
 65176 | Zot:3    | Gained mutation: You occasionally shout uncontrollably at
                  | your foes. [potion of mutation]
 65176 | Zot:3    | Gained mutation: You are partially covered in large bone
                  | plates. (SH +4) [potion of mutation]
 65176 | Zot:3    | Gained mutation: You are resistant to electric shocks.
                  | (rElec) [potion of mutation]
 65176 | Zot:3    | Gained mutation: Your flesh is heat resistant. (rF+)
                  | [potion of mutation]
 65177 | Zot:3    | Lost mutation: You are partially covered in large bone
                  | plates. (SH +4) [potion of mutation]
 65177 | Zot:3    | Lost mutation: You occasionally shout uncontrollably at
                  | your foes. [potion of mutation]
 65177 | Zot:3    | Lost mutation: You are frail. (-10% HP) [potion of
                  | mutation]
 65177 | Zot:3    | Gained mutation: You are clumsy. (Dex -2) [potion of
                  | mutation]
 65177 | Zot:3    | Gained mutation: You have a somewhat thin skeletal
                  | structure. (Dex +2, Stealth) [potion of mutation]
 65177 | Zot:3    | Gained mutation: Your mind is acute. (Int +2) [potion of
                  | mutation]
 65255 | Zot:3    | You fall into a shaft and drop 1 floor!
 65262 | Zot:4    | Found a transporter.
 65263 | Zot:4    | Found the amulet of Vitality {Regen+ HP+15}
 65268 | Zot:4    | Found a transporter.
 65309 | Zot:4    | Reached skill level 5 in Necromancy
 65437 | Zot:4    | Reached skill level 5 in Transmutations
 66088 | Zot:3    | Identified the +1 demon whip "Fios" {venom, rN+ Dex+4} (You
                  | found it on level 3 of the Realm of Zot)
 66594 | Zot:4    | Reached XP level 27. HP: 165/165 MP: 49/52
 66616 | Zot:4    | Reached skill level 10 in Evocations
 67029 | Zot:5    | Entered Level 5 of the Realm of Zot
 67181 | Zot:5    | Reached skill level 10 in Necromancy
 67522 | Zot:5    | Reached skill level 10 in Transmutations
 67748 | Zot:5    | Noticed an ancient lich
 67755 | Zot:5    | Killed an ancient lich
 67890 | Zot:5    | Noticed an orb of fire
 67891 | Zot:5    | Noticed an orb of fire
 67892 | Zot:5    | Gained mutation: You occasionally shout uncontrollably at
                  | your foes. [an orb of fire]
 67895 | Zot:5    | Gained mutation: You are weak. (Str -2) [an orb of fire]
 67898 | Zot:5    | Killed an orb of fire
 67898 | Zot:5    | Gained mutation: You are very weak. (Str -4) [an orb of
                  | fire]
 67899 | Zot:5    | Killed an orb of fire
 67908 | Zot:5    | Noticed an orb of fire
 67917 | Zot:5    | Noticed an orb of fire
 67920 | Zot:5    | Killed from afar by an orb of fire

Levels and vault maps discovered:
D:1:      dpeg_arrival_water_temple_mockup, layout_basic
D:2:      layout_basic, first_ration, uniq_crazy_yiuf_cottage
D:3:      minmay_door_path, layout_basic, interstate_on_off
D:4:      layout_cave_pools, minmay_temple_entry_wispy, serial_shops, shop,
          lightli_sewer_entry_pipes, uniq_pikel
D:5:      layout_basic, uniq_menkaure, uniq_eustachio, uniq_blork_the_orc
D:6:      layout_loops_corners, minmay_starry_boxes, uniq_prince_ribbit1
D:7:      wander_river, layout_cave_pools, grunt_ministairs_2,
          dk_yredelemnul_ordeal
D:8:      layout_gridville, nicolae_ru_sacrificial_ziggurat
D:9:      layout_cave_pods, erik_lair_island, erik_orc_4
D:10:     layout_long_grid
D:11:     layout_loops_corners, uniq_fannar
D:12:     layout_rooms, enter_bailey_2, serial_shops, shop, grunt_livestock
D:13:     layout_small_grid, uniq_jorgrun
D:14:     minmay_the_grid_square_5x5_4x4_mashed
          [minmay_the_grid_square_5x5_gyroscope, minmay_the_grid_square_5x5_tie,
          minmay_the_grid_square_5x5_fancy_junction,
          minmay_the_grid_square_5x5_lines, minmay_the_grid_square_5x5_one_wall,
          minmay_the_grid_square_5x5_prize_rear_guard,
          minmay_the_grid_square_5x5_prize_open,
          minmay_the_grid_square_5x5_forky, minmay_the_grid_square_5x5_inner_z,
          minmay_the_grid_square_5x5_prize_itemx,
          minmay_the_grid_square_5x5_prize_monsterx,
          minmay_the_grid_square_5x5_two_small,
          minmay_the_grid_square_5x5_detours, minmay_the_grid_square_5x5_plus,
          minmay_the_grid_square_5x5_bridge, minmay_the_grid_square_5x5_n],
          layout_rooms, serial_undead, serial_undead_d, serial_undead_e,
          serial_undead_c, serial_undead_d, special_room [special_room_orc],
          serial_shops, nicolae_shop_trees, chequers_serial_rivers_small_b,
          kennysheep_small_spiral, grunt_ministairs_5, uniq_azrael
D:15:     grunt_enter_depths_hoard, layout_basic,
          nicolae_gozag_zags_fifth_avenue
Temple:   kilobyte_greek_temple
Lair:1:   lemuel_slime, layout_regular_city, worms_lemuel, grunt_megastairs_3,
          uniq_sonja
Lair:2:   gammafunk_lair_enchanted_lake, layout_misc_corridors,
          minmay_shoals_entry_hut, minmay_lair_oklob_chamber
Lair:3:   layout_hall_layers, spider_nest_entry_a, zaba_antful_of_joy, uniq_urug
Lair:4:   layout_roguey, special_room [special_room_bee],
          gauntlet_entry_generic, patterned_corridor
Lair:5:   layout_cave_pods, st_stairs_4, kennysheep_abandoned_house,
          serial_bayou_shore_a
Lair:6:   minmay_lair_end_enchanted_forest, layout_loops_ring, slime_altar_1,
          lemuel_centaur_altar, infiniplex_staircase_pool_2
Shoals:1: layout_shoals
Shoals:2: layout_shoals, uniq_nikola
Shoals:3: layout_shoals, lemuel_altar_in_water
Shoals:4: shoals_end_simple, layout_shoals, serial_shops, shop,
          nicolae_shoals_mertower
Spider:1: layout_spider_delve, uniq_agnes
Spider:2: layout_spider_delve
Spider:3: layout_spider_delve, drop_trap
Spider:4: spider_rune_water
Slime:1:  layout_caves, cheibrodos_slime_lost_civilization_5
Slime:2:  layout_caves
Slime:3:  layout_caves
Slime:4:  layout_caves, dissolution_awaits
Slime:5
Orc:1:    layout_caves, serial_shops, nicolae_shop_crystal
Orc:2:    st_orc_pillars, layout_diamond_mine
Elf:1:    elf_arrival_001, layout_loops_corners, serial_sigils,
          serial_sigils_hangedman_quiver, serial_sigils_hangedman_clutch,
          serial_sigils_hangedman_confine, serial_sigils_hangedman_quiver,
          serial_sigils_hangedman_gnaw, ebering_ghost_reflecting_pool,
          serial_shops, nicolae_shop_trees, minmay_elf_demonology
Elf:2:    layout_gridlike, serial_shops, shop, dk_noncrumbling_4, drop_trap,
          uniq_saint_roka
Elf:3:    minmay_elf_hall_dome, layout_geoelf_castle, serial_corexii_hall,
          corexii_hall_statues_l, corexii_hall_statues_l,
          corexii_hall_statues_u, corexii_hall_statues_s
Vaults:1: st_octagons_1, vaults_room_corners, vaults_dpeg_ring,
          nicolae_vaults_mini_display_case, ontoclasm_vaults_ring_small,
          nicolae_vaults_what_the_h, ontoclasm_vaults_shuriken,
          nicolae_vaults_little_squares_1, ontoclasm_vaults_loading_screen,
          nicolae_vaults_gold_heap, vaults_room_pools, layout_vaults_big_room,
          serial_shops, shop
Vaults:2: hangedman_vaults_trim, nicolae_vaults_circle_grid_b, v_rooms_6,
          v_misc_19, nicolae_vaults_network_barrier,
          minmay_crypt_entry_simple_walls, st_star, v_alt_pattern_3, v_misc_25,
          v_misc_26, ontoclasm_vaults_fault, nicolae_vaults_network_square,
          v_pattern_2, vaults_dpeg_hooks, layout_vaults_omnibox, serial_shops,
          nicolae_shop_waterfront, shop, nicolae_shop_waterfront,
          lightli_enter_wizlab_magi_temple
Vaults:3: grunt_vaults_funneled_arena, vaults_room_fancy_cross, v_alt_pattern_1,
          nicolae_vaults_hallways_thing, hangedman_vaults_capsules, v_misc_27,
          vaults_room_grunt_arrival_checkpoint,
          nicolae_vaults_twisting_passages, v_misc_9, v_misc_3,
          nicolae_vaults_rhombus_6, v_alt_pattern_1,
          ontoclasm_vaults_loading_screen, nicolae_vaults_specimen_jars,
          layout_vaults_maze, uniq_bai_suzhen
Vaults:4: nicolae_vaults_ninety_degrees, vaults_room_large_hall,
          nicolae_vaults_asterisk, v_misc_12, nicolae_vaults_little_squares_2,
          vaults_dpeg_encased_lava, nicolae_vaults_little_squares_1,
          grunt_vaults_hallway_short, grunt_vaults_hallway_short, v_misc_8,
          grunt_vaults_diagonal, v_misc_25, ontoclasm_vaults_eye,
          vaults_room_pool, nicolae_vaults_three_branches,
          layout_vaults_omnicross
Vaults:5
Depths:1: mu_elemental_laboratory, layout_cave_shapes, grunt_pan_entry_spiral,
          minmay_strange_pillars, serial_shops, shop_statue, hell_entry,
          minmay_misc_feat_plants, kennysheep_generic_room_4, minmay_shop_grove
Depths:2: hangedman_spin_cycle, abyss_entry, hell_entry, uniq_sojobo
Depths:3: evilmike_halls_of_destruction, layout_cave_pools, hell_entry,
          marbit_kobold_abyss_entry, pan_entry, chequers_jeans,
          minmay_misc_feat_rows
Depths:4: hangedman_screamer, layout_cave_pools, serial_column_ruins,
          column_ruins_portal_hut, column_ruins_hut, column_ruins_grid_3,
          column_ruins_open_tiny, column_ruins_grid_1, column_ruins_grid_1,
          column_ruins_open_tiny, column_ruins_columns_dead_end, abyss_entry,
          hell_entry, kennysheep_generic_room_3, uniq_mennas
Depths:5: grunt_zot_entry_tricorne, layout_honeycomb, enter_ziggurat_e,
          hangedman_glass_teeth, hell_entry
Zot:1:    layout_concentric_octagons, lemuel_lich_library
Zot:2:    layout_gridville
Zot:3:    nicolae_zot_stationary_front, layout_gridlike
Zot:4:    gammafunk_sealed_arena, layout_misc_corridors
Zot:5:    layout_twisted_circle

Skill      XL: |  1  2  3  4  5  6  7  8  9 10 11 12 13 14 15 16 17 18 19 20 21 22 23 24 25 26 27 |
---------------+----------------------------------------------------------------------------------+-----
Conjurations   | 2 4 6 7 9 10 11 12 14 16 18 19 20 21 | 21.0
Spellcasting   | 4 6 7 9 10 12 13 14 16 20 21 23 | 23.0
Fire Magic     | 4 5 6 8 9 10 11 12 14 16 18 19 20 21 | 21.0
Earth Magic    | 3 5 8 10 15 20 | 20.0
Summonings     | 4 5 |  5.0
Air Magic      | 3 6 9 |  9.0
Fighting       | 4 8 11 13 15 | 15.0
Dodging        | 6 11 12 16 18 20 | 20.0
Shields        | 4 |  4.0
Charms         | 5 9 |  9.0
Stealth        | 14 | 14.0
Evocations     | 9 10 | 10.0
Necromancy     | 7 12 | 12.8
Transmutations | 7 11 | 11.9

Action                   |  1- 3 |  4- 6 |  7- 9 | 10-12 | 13-15 | 16-18 | 19-21 | 22-24 | 25-27 || total
-------------------------+-------+-------+-------+-------+-------+-------+-------+-------+-------++-------
Melee: Dagger            |     4 |       |       |       |       |       |       |       |       ||     4
       Quarterstaff      |       |       |    11 |    30 |       |       |       |       |       ||    41
       Staff             |       |       |       |     6 |    12 |     1 |    10 |     2 |       ||    31
Throw: Stone             |       |       |       |       |     3 |     1 |     1 |     1 |       ||     6
 Cast: Flame Tongue      |    58 |    32 |   202 |   234 |   328 |    25 |    12 |     2 |       ||   893
       Throw Flame       |     4 |     5 |    35 |    55 |    94 |    23 |       |       |       ||   216
       Sticky Flame      |       |       |    19 |    31 |    64 |     1 |       |       |       ||   115
       Fireball          |       |       |     6 |    38 |    82 |    33 |    12 |     3 |       ||   174
       Conjure Flame     |       |       |     2 |       |       |       |       |       |       ||     2
       Bolt of Fire      |       |       |       |    46 |   238 |   336 |   318 |   281 |   325 ||  1544
       Sandblast         |       |       |       |    12 |    55 |    27 |    16 |     1 |       ||   111
       Stone Arrow       |       |       |       |     5 |    54 |    40 |    23 |    29 |       ||   151
       Summon Lightning  |       |       |       |     1 |     3 |     1 |       |       |       ||     5
       Iron Shot         |       |       |       |       |    39 |   123 |    98 |   163 |    76 ||   499
       Bolt of Magma     |       |       |       |       |     6 |     2 |     2 |       |       ||    10
       Ignition          |       |       |       |       |       |    17 |    15 |     6 |     3 ||    41
       Deflect Missiles  |       |       |       |       |       |     1 |     2 |     1 |     1 ||     5
       Fire Storm        |       |       |       |       |       |       |    45 |    74 |    64 ||   183
       Shatter           |       |       |       |       |       |       |       |       |     7 ||     7
Evoke: Wand              |       |       |     2 |     1 |     1 |       |     1 |       |       ||     5
  Use: Scroll            |     6 |     3 |     3 |    12 |     9 |    14 |    12 |     7 |    16 ||    82
       Potion            |       |     1 |     3 |     3 |     1 |     7 |     2 |     6 |     5 ||    28
 Stab: Sleeping          |       |       |     1 |     1 |       |       |       |       |       ||     2
       Paralysed         |       |       |       |     6 |       |       |       |       |       ||     6
  Eat: Chunk             |     2 |     2 |     2 |    15 |    43 |    64 |    26 |    18 |     7 ||   179
       Ration            |       |       |     3 |     3 |     6 |       |     2 |     9 |     6 ||    29
Armor: Robe              |     1 |     2 |    18 |    12 |    56 |    14 |     2 |    10 |    10 ||   125
Dodge: Dodged            |    18 |    10 |    86 |    71 |   208 |    94 |    46 |   114 |    69 ||   716
       Deflected         |       |       |       |       |       |     9 |    21 |    24 |    16 ||    70
Block: Buckler           |       |       |       |       |    47 |    28 |    23 |    30 |    24 ||   152

Table legend:
 A = Non-vault XP
 B = Vault XP
 C = Vault XP percentage of total XP
 D = Non-vault monster count
 E = Vault monster count
 F = Vault count percentage of total count
                 A         B        C        D         E       F
            +---------+---------+-------+---------+---------+-------
      Total |  788408 |  832169 |  51.4 |    1567 |    1175 |  42.9
            +---------+---------+-------+---------+---------+-------
        D:1 |      27 |       0 |   0.0 |      15 |       0 |   0.0
        D:2 |      50 |      41 |  45.1 |      23 |       1 |   4.2
        D:3 |      61 |       0 |   0.0 |      17 |       0 |   0.0
        D:4 |     209 |     812 |  79.5 |       7 |      16 |  69.6
        D:5 |    1291 |     482 |  27.2 |       7 |       3 |  30.0
        D:6 |    1165 |     543 |  31.8 |      33 |       5 |  13.2
        D:7 |    1269 |     164 |  11.4 |      30 |       3 |   9.1
        D:8 |     986 |       0 |   0.0 |      14 |       0 |   0.0
        D:9 |    3040 |    1139 |  27.3 |      25 |      25 |  50.0
       D:10 |    4525 |       0 |   0.0 |      35 |       0 |   0.0
       D:11 |    2373 |     991 |  29.5 |      24 |       1 |   4.0
       D:12 |    3638 |     954 |  20.8 |      31 |       5 |  13.9
       D:13 |   10272 |    3489 |  25.4 |      25 |       4 |  13.8
       D:14 |    3897 |   18755 |  82.8 |      14 |      68 |  82.9
       D:15 |    9614 |    2036 |  17.5 |      33 |       2 |   5.7
     Lair:1 |    3310 |    3570 |  51.9 |      11 |      33 |  75.0
     Lair:2 |    3975 |    5713 |  59.0 |      20 |      12 |  37.5
     Lair:3 |    5824 |    6875 |  54.1 |      29 |      37 |  56.1
     Lair:4 |    4757 |    2438 |  33.9 |      19 |      24 |  55.8
     Lair:5 |    3467 |    1939 |  35.9 |      13 |      17 |  56.7
     Lair:6 |   11796 |    8353 |  41.5 |      31 |      47 |  60.3
   Shoals:1 |    4251 |       0 |   0.0 |      10 |       0 |   0.0
   Shoals:2 |   10405 |    4225 |  28.9 |      21 |       1 |   4.5
   Shoals:3 |    7728 |       0 |   0.0 |      18 |       0 |   0.0
   Shoals:4 |   18864 |   23556 |  55.5 |      43 |      39 |  47.6
   Spider:1 |   19638 |       0 |   0.0 |      58 |       0 |   0.0
   Spider:2 |   13912 |       0 |   0.0 |      46 |       0 |   0.0
   Spider:3 |   19080 |       0 |   0.0 |      49 |       0 |   0.0
   Spider:4 |   11126 |   23908 |  68.2 |      27 |      43 |  61.4
    Slime:1 |   10442 |       0 |   0.0 |      15 |       0 |   0.0
    Slime:2 |   16281 |       0 |   0.0 |      24 |       0 |   0.0
    Slime:3 |    8511 |       0 |   0.0 |      15 |       0 |   0.0
    Slime:4 |    6326 |   14399 |  69.5 |      15 |       1 |   6.2
    Slime:5 |   23180 |   34799 |  60.0 |      48 |      15 |  23.8
      Orc:1 |    5970 |       0 |   0.0 |      58 |       0 |   0.0
      Orc:2 |    1104 |   10193 |  90.2 |      18 |      67 |  78.8
      Elf:1 |   10062 |    7867 |  43.9 |      19 |      10 |  34.5
      Elf:2 |   12136 |   22309 |  64.8 |      20 |      29 |  59.2
      Elf:3 |    7519 |   35398 |  82.5 |      14 |      24 |  63.2
   Vaults:1 |   16703 |   28870 |  63.3 |      35 |      31 |  47.0
   Vaults:2 |   37747 |   33607 |  47.1 |      63 |      48 |  43.2
   Vaults:3 |   37355 |   48797 |  56.6 |      59 |      57 |  49.1
   Vaults:4 |   51720 |   14861 |  22.3 |      91 |      17 |  15.7
   Vaults:5 |   42139 |  135581 |  76.3 |      60 |      94 |  61.0
   Depths:1 |   17802 |   15834 |  47.1 |      31 |      39 |  55.7
   Depths:2 |    1229 |   92209 |  98.7 |       1 |     103 |  99.0
   Depths:3 |   29267 |   25817 |  46.9 |      35 |      27 |  43.5
   Depths:4 |   45194 |   34524 |  43.3 |      55 |      33 |  37.5
   Depths:5 |   45569 |   21049 |  31.6 |      50 |      15 |  23.1
      Zot:1 |   20149 |   30605 |  60.3 |      12 |      31 |  72.1
      Zot:2 |   34913 |       0 |   0.0 |      26 |       0 |   0.0
      Zot:3 |   48235 |   10729 |  18.2 |      27 |       8 |  22.9
      Zot:4 |   52142 |   13394 |  20.4 |      30 |       9 |  23.1
      Zot:5 |   26163 |   61449 |  70.1 |      18 |      15 |  45.5
      Sewer |       0 |     429 | 100.0 |       0 |      48 | 100.0
     WizLab |       0 |   24731 | 100.0 |       0 |      52 | 100.0
   Gauntlet |       0 |    4735 | 100.0 |       0 |      16 | 100.0
            +---------+---------+-------+---------+---------+-------
